Map: Echo LE (Void)

Players

Bop

  • Race: Protoss Protoss

Geeden - Winner!

  • Race: Zerg Zerg

VOD

Have the link to the VOD?

Description

Time

  • Played on: May 7, 2015, 3:34 a.m.
  • Length: 11:50
Show
View Real Time Build Order
Export as new Build Order

Bop Protoss 

Build Orders: Nexus First, Mass Adepts 

Get SALT Encoding   

  12  0:01  Probe  
  13  0:13  Probe  
  14  0:42  Nexus  
  14  0:52  Pylon  
  14  1:10  Probe (Chrono Boost)  
  14  1:11  Gateway  
  15  1:17  Assimilator  
  15  1:21  Probe (Chrono Boost)  
  16  1:28  Probe (Chrono Boost)  
  17  1:39  Probe (Chrono Boost)  
  18  1:46  Probe (Chrono Boost)  
  19  1:56  Probe (Chrono Boost)  
  19  1:58  Cybernetics Core  
  19  1:59  Probe (Chrono Boost)  
  22  2:12  Probe (Chrono Boost)  
  22  2:13  Pylon  
  22  2:17  Probe, Gateway  
  22  2:20  Probe  
  24  2:29  Probe (Chrono Boost)  
  25  2:32  Probe (Chrono Boost)  
  25  2:35  Adept (Chrono Boost), Warp Gate (Chrono Boost)  
  28  2:41  Probe (Chrono Boost)  
  29  2:47  Probe x2 (Chrono Boost)  
  31  2:56  Adept (Chrono Boost)  
  33  2:58  Probe (Chrono Boost)  
  33  3:00  Probe (Chrono Boost)  
  37  3:08  Adept (Chrono Boost)  
  37  3:10  Probe (Chrono Boost)  
  37  3:12  Pylon  
  39  3:15  Probe (Chrono Boost)  
  39  3:18  Probe (Chrono Boost)  
  39  3:19  Pylon  
  40  3:22  Probe  
  40  3:25  Adept (Chrono Boost)  
  43  3:44  Gateway x2  
  43  3:49  Gateway  
  43  3:50  Gateway x2  
  38  4:05  Gateway  
  38  4:06  Gateway  
  36  4:20  Pylon  
  36  4:30  Adept  
  36  4:44  Adept x4  
  44  4:47  Adept x2  
  46  4:57  Adept  
  48  5:01  Pylon  
  48  5:02  Adept x2  
  48  5:04  Pylon  
  48  5:05  Pylon  
  52  5:19  Probe x2, Pylon  
  52  5:20  Adept x3  
  60  5:25  Adept x2  
  60  5:26  Adept x3  
  70  5:30  Pylon  
  70  5:32  Probe (Chrono Boost)  
  71  5:37  Adept  
  71  5:38  Probe (Chrono Boost)  
  75  5:44  Probe (Chrono Boost)  
  75  5:48  Probe (Chrono Boost)  
  76  5:51  Probe (Chrono Boost)  
  76  5:52  Adept x2  
  76  5:53  Zealot x4  
  83  6:03  Probe x2  
  79  6:05  Assimilator  
  79  6:06  Assimilator  
  79  6:08  Assimilator  
  77  6:15  Probe (Chrono Boost), Adept x2  
  77  6:16  Probe (Chrono Boost)  
  77  6:26  Probe x2 (Chrono Boost)  
  65  6:35  Probe  
  65  6:39  Forge  
  62  6:45  Stalker x4  
  66  6:48  Stalker  
  60  6:55  Adept x2  
  60  6:56  Adept  
  66  7:14  Twilight Council, Adept x4  
  74  7:23  Stalker x2  
  74  7:27  Pylon  
  78  7:30  Photon Cannon  
  78  7:35  Adept  
  76  7:42  Adept  
  76  7:43  Adept x2  
  74  7:47  Sentry  
  70  8:09  Pylon  
  70  8:11  Adept x4  
  70  8:12  Adept  
  80  8:24  Protoss Ground Weapons Level 1 (Chrono Boost)  
  80  8:29  Photon Cannon  
  80  8:30  Shield Upgrade (Chrono Boost), Photon Cannon  
  80  8:40  Pylon  
  80  8:44  Stargate x2  
  80  9:04  Nexus  
  80  9:15  Templar Archives  
  80  9:19  Sentry x2  
  80  9:20  Charge (Chrono Boost)  
  80  9:21  Probe (Chrono Boost)  
  80  9:22  Probe (Chrono Boost)  
  86  9:26  Adept  
  90  9:31  Probe (Chrono Boost)  
  90  9:32  Probe (Chrono Boost)  
  90  9:37  Psionic Storm  
  90  9:38  Probe (Chrono Boost)  
  90  9:39  Probe (Chrono Boost)  
  92  9:51  Probe x2 (Chrono Boost)  
  94  9:54  High Templar  
  94  9:59  Probe x2 (Chrono Boost)  
  98  10:03  High Templar  
  100  10:09  Pylon  
  100  10:13  Assimilator  
  100  10:15  Probe  
  101  10:25  Adept x2  
  105  10:39  Robotics Facility  
  105  10:45  Assimilator  
  105  10:49  Probe x2  
  107  10:50  Probe  
  107  10:54  Adept x4  
  115  11:00  Adept  
  115  11:01  Probe, Adept x2  
  122  11:11  Pylon  
  122  11:29  Probe  
  122  11:30  Pylon  
  122  11:31  Pylon  
  123  11:40  Adept x3  
Show
View Real Time Build Order
Export as new Build Order

Geeden Zerg - Winner!

Build Orders: Hatch First, Lurkers 

Get SALT Encoding   

  12  0:01  Drone  
  13  0:08  Drone  
  14  0:20  Extractor  
  14  0:21  Drone  
  14  0:22  Drone, Extractor  
  16  0:29  Overlord  
  16  0:49  Hatchery  
  15  0:53  Drone  
  16  0:58  Drone  
  16  1:00  Extractor  
  16  1:01  Drone  
  17  1:18  Spawning Pool  
  16  1:21  Drone x2  
  18  1:28  Overlord  
  18  1:41  Drone  
  19  2:04  Queen x2  
  19  2:05  Metabolic Boost  
  19  2:06  Zergling x4  
  25  2:10  Drone  
  25  2:12  Drone  
  27  2:31  Hatchery  
  27  2:34  Drone  
  27  2:54  Drone x6  
  27  2:58  Queen  
  34  3:08  Roach Warren  
  34  3:11  Overlord  
  33  3:23  Zergling x2  
  33  3:24  Zergling x4  
  36  3:30  Zergling x4  
  36  3:31  Zergling x6  
  41  3:40  Queen  
  42  3:42  Zergling x4  
  43  3:59  Drone x7  
  43  4:00  Overlord  
  49  4:12  Drone, Overlord  
  49  4:17  Extractor x2  
  49  4:22  Drone x5  
  53  4:25  Lair  
  53  4:27  Drone x2  
  55  4:32  Drone x2  
  55  4:33  Drone  
  55  4:35  Drone  
  57  4:52  Drone x4  
  58  4:53  Drone x5  
  58  4:54  Extractor  
  59  5:03  Overlord x2  
  59  5:11  Roach x3  
  59  5:13  Overlord  
  65  5:17  Drone  
  65  5:21  Overlord  
  66  5:23  Glial Reconstitution  
  66  5:26  Drone  
  67  5:28  Hydralisk Den, Roach  
  67  5:29  Roach x4  
  76  5:37  Roach x3  
  76  5:38  Roach  
  84  5:47  Roach x2  
  68  6:01  Drone x5  
  68  6:02  Drone x4  
  63  6:27  Roach x3  
  62  6:51  Drone x5  
  62  6:52  Drone x6  
  73  6:58  Drone x2  
  75  7:04  Drone x3  
  78  7:09  Burrow  
  78  7:14  Drone  
  78  7:15  Drone x2  
  81  7:20  Drone x3  
  84  7:28  Queen  
  84  7:29  Overlord  
  80  7:38  Drone x7  
  80  7:39  Drone  
  70  7:51  Muscular Augments  
  70  7:55  Hydralisk x3  
  70  7:56  Evolution Chamber, Hydralisk  
  69  7:59  Evolution Chamber  
  69  8:01  Hydralisk  
  69  8:03  Hydralisk x2  
  74  8:10  Hydralisk  
  74  8:12  Hydralisk  
  78  8:14  Drone x4  
  78  8:17  Extractor  
  78  8:18  Drone, Extractor  
  81  8:22  Hydralisk x2  
  81  8:26  Drone  
  81  8:27  Drone x3  
  88  8:28  Drone  
  88  8:29  Drone  
  88  8:31  Drone  
  92  8:35  Roach x2  
  92  8:36  Roach  
  98  8:42  Zerg Missile Weapons Level 1  
  98  8:48  Overlord  
  98  8:59  Hatchery  
  97  9:07  Ravager x3  
  97  9:08  Roach x3  
  106  9:10  Overlord  
  106  9:12  Overlord x2  
  106  9:19  Zerg Ground Armor Level 1  
  106  9:21  Overlord x2  
  106  9:34  Drone  
  106  9:35  Drone x8, Infestation Pit  
  106  9:38  Hatchery, Roach x4  
  122  9:40  Pneumatized Carapace  
  122  9:41  Lurker Den, Overseer  
  121  9:46  Drone x5  
  121  9:47  Drone  
  121  9:49  Drone  
  128  9:57  Hydralisk  
  128  9:58  Hydralisk  
  132  10:00  Hydralisk  
  134  10:09  Extractor  
  134  10:10  Extractor  
  132  10:17  Hive  
  132  10:19  Queen  
  132  10:20  Overseer  
  134  10:21  Spine Crawler  
  134  10:22  Spine Crawler  
  134  10:23  Drone x2  
  134  10:24  Spine Crawler  
  134  10:25  Spine Crawler  
  132  10:31  Overseer  
  132  10:44  Drone x2  
  132  10:47  Spine Crawler x2  
  132  10:49  Spine Crawler  
  131  10:55  Overlord  
  131  11:03  Drone x2  
  133  11:04  Drone x5  
  133  11:05  Drone x2  
  140  11:12  Overseer  
  140  11:17  Lurker x5  
  145  11:21  Hydralisk  
  145  11:22  Hydralisk x9  
  163  11:38  Hatchery  
Tags
 
Add a new tag
Caveats
  • Supply blocks, unpowered buildings, or Contaminate may cause inaccurate times.
  • Supply counts are checked every 10 seconds.